 Dungeon Crawl Stone Soup version 0.22.1-2-g9c5b331 (webtiles) character file.

21 myga the Firebug (level 2, -1/22 HPs)
             Began as a Naga Fire Elementalist on Nov 28, 2018.
             Slain by Natasha (5 damage)
             ... on level 1 of the Dungeon.
             The game lasted 00:09:38 (1339 turns).

myga the Firebug (Naga Fire Elementalist)           Turns: 1339, Time: 00:09:39

Health: -1/22      AC:  3    Str: 13    XL:     2   Next: 87%
Magic:  4/5        EV: 10    Int: 15    God:
Gold:   48         SH:  0    Dex: 11    Spells: 2/5 levels left

rFire    . . .     SeeInvis +   j - +1 dagger
rCold    . . .     Gourm    +   (no shield)
rNeg     . . .     Faith    .   f - +0 robe
rPois    +         Spirit   .   (no helmet)
rElec    .         Reflect  .   (no cloak)
rCorr    .         Harm     .   h - +1 pair of gloves {Str+3}
MR       .....                  (no barding)
Stlth    ++........             n - amulet of the gourmand
HPRegen  0.07/turn              (no ring)
MPRegen  0.09/turn              (no ring)

@: slowed, very slow
A: large, see invisible, deformed body, poison resistance, slowness 2, slow
metabolism 1, spit poison 1, AC +0
a: Spit Poison


You were on level 1 of the Dungeon.
You were not hungry.

You visited 1 branch of the dungeon, and saw 2 of its levels.

You collected 48 gold pieces.

Inventory:

Hand Weapons
 j - a +1 dagger (weapon)
Missiles
 e - 54 arrows
 i - 23 stones
 o - 5 javelins (quivered)
Armour
 a - a +0 robe
 f - a +0 robe (worn)
 h - a +1 pair of gloves of strength (worn)
 l - a cursed +0 leather armour
Jewellery
 n - an amulet of the gourmand (around neck)
Potions
 d - 2 potions of lignification {unknown}
 g - a potion of curing
 p - a potion of agility {unknown}
Comestibles
 c - 2 rations


   Skills:
 + Level 1.9 Dodging
 + Level 3.1 Stealth
 + Level 2.1 Spellcasting
 + Level 1.0 Conjurations
 + Level 3.5 Fire Magic


You had 2 spell levels left.
You knew the following spells:

 Your Spells              Type           Power        Failure   Level  Hunger
a - Flame Tongue          Conj/Fire      #....        9%          1    #......
b - Throw Flame           Conj/Fire      #.....       13%         2    ###....

Your spell library contained the following spells:

 Spells                   Type           Power        Failure   Level  Hunger
 Conjure Flame            Conj/Fire      #.......     26%         3    ###....
 Inner Flame              Hex/Fire       #.......     32%         3    ###....
 Sticky Flame             Conj/Fire      #.......     63%         4    #####..
 Fireball                 Conj/Fire      #.........   93%         5    ######.


Dungeon Overview and Level Annotations

Branches:
Dungeon (2/15)

Altars:

Annotations:
D:1 Natasha


Innate Abilities, Weirdness & Mutations

You cannot wear boots.
Your serpentine skin is tough. (AC +0)
You have supernaturally acute eyesight. (SInv)
Armour fits poorly on your strangely shaped body.
Your system is resistant to poisons. (rPois)
You cover ground very slowly.
You have a slow metabolism.
You can spit poison.


Message History

You feel much better.
Natasha stares at you and mumbles some strange words.
You resist with significant effort. The kobold closely misses you.
Natasha completely misses you.
Casting: Flame Tongue (safe; 9% risk of failure)
Confirm with . or Enter, or press ? or * to list all spells.
Aiming: Flame Tongue (safe; 9% risk of failure)
Press: ? - help, Shift-Dir - straight line
Okay, then.
Unknown command.
The kobold closely misses you. The kobold barely misses you. Natasha claws you!
Natasha claws you but does no damage. The kobold hits you with a club.
Natasha stares at you and mumbles some strange words.
You feel as though you will be slow longer.
The kobold hits you but does no damage. Natasha closely misses you.
The kobold hits you with a club. Natasha claws you but does no damage.
Natasha claws you. The kobold hits you with a club.
* * * LOW HITPOINT WARNING * * *
Natasha claws you.
You die...

......# #.######..#.#####.#
####### #.# #............#
##########'####......#######
#....................#
#....................#
#....................#
#....................#
#....................##
##########+####.@.....#
#....'.Kh....#
###############.......#
.........# #.......#
.........######.......#
...................)..##
....................[.>#
.....................#.#
######...............#.#


You could see Natasha and a kobold.

Vanquished Creatures
  An ooze (D:1)
  A dart slug (D:1)
  A leopard gecko (D:1)
  A bat (D:1)
  A giant cockroach (D:1)
  4 hobgoblins
  2 frilled lizards (D:1)
  3 rats (D:1)
14 creatures vanquished.

Notes
Turn   | Place    | Note
-------+----------+-------------------------------------------
     0 | D:1      | myga the Naga Fire Elementalist began the quest for the
                  | Orb.
     0 | D:1      | Reached XP level 1. HP: 15/15 MP: 3/3
   456 | D:1      | Reached XP level 2. HP: 9/22 MP: 0/5
  1298 | D:2      | Learned a level 2 spell: Throw Flame
  1309 | D:2      | Noticed Natasha
  1318 | D:2      | Noticed a crimson imp
  1339 | D:1      | Slain by Natasha

Action                   || total
-------------------------++-------
Melee: Unarmed           ||     7
       Dagger            ||     7
Throw: Javelin           ||     2
 Cast: Flame Tongue      ||    22
       Throw Flame       ||     1
 Abil: Spit Poison       ||     2
  Use: Scroll            ||     3
       Potion            ||     2
  Eat: Chunk             ||     7
Armor: Robe              ||     8
Dodge: Dodged            ||    30
